 Dungeon Crawl Stone Soup version 0.27-a0-1006-g1fd4cec11e (webtiles) character file.

Game seed: 9879518896591024671

126 mightbedylan the Chopper (level 4, -5/60 (61) HPs)
             Began as a Minotaur Berserker on Apr 18, 2021.
             Was a Believer of Trog.
             Slain by a wight
             ... wielding a +3 hand axe
              (13 damage)
             ... on level 3 of the Dungeon.
             The game lasted 00:05:26 (1816 turns).

mightbedylan the Chopper (Minotaur Berserker)       Turns: 1816, Time: 00:05:27

HP:   -5/60 (61)    AC:  3    Str: 23    XL:     4   Next: 84%
MP:   3/3           EV: 12    Int:  4    God:    Trog [**....]
Gold: 87            SH:  0    Dex:  9    Spells: 3/3 levels left

rFire    . . .     SeeInvis .   a - +0 hand axe
rCold    . . .     Faith    .   (no shield)
rNeg     . . .     Spirit   .   b - +0 animal skin
rPois    .         Reflect  .   (helmet restricted)
rElec    .         Harm     .   (no cloak)
rCorr    .         Rampage  .   f - +0 pair of gloves
Will     .....                  (no boots)
Stlth    ..........             (no amulet)
HPRegen  0.20/turn              (no ring)
MPRegen  0.08/turn              (no ring)

@: berserking, lightly drained, very quick
A: horns 2, retaliatory headbutt
a: Renounce Religion, Berserk, Trog's Hand


You were on level 3 of the Dungeon.
You worshipped Trog.
Trog was pleased with you.
You visited 1 branch of the dungeon, and saw 3 of its levels.

You collected 87 gold pieces.

Inventory:

Hand Weapons
 a - a +0 hand axe (weapon)
Missiles
 k - 7 boomerangs of dispersal
 m - 18 stones
Armour
 b - a +0 animal skin (worn)
 f - a +0 pair of gloves (worn)
Jewellery
 h - a ring of fire
Scrolls
 c - 3 scrolls of identify {unknown}
 g - a scroll of noise {unknown}
 j - a scroll of vulnerability {unknown}
 p - a scroll of amnesia {unknown}
Potions
 d - a potion of attraction {unknown}
 e - 2 potions of heal wounds {unknown}
 i - 3 potions of curing {unknown}
 l - a potion of haste {unknown}
 n - 2 potions of mutation {unknown}
 o - a potion of invisibility {unknown}


   Skills:
 + Level 4.9 Fighting
 + Level 5.2 Axes
 + Level 2.8 Armour
 + Level 3.0 Dodging


You had 3 spell levels left.
You didn't know any spells.
Your spell library was empty.

Dungeon Overview and Level Annotations

Branches:
Dungeon (3/15)

Altars:
Elyvilon


Innate Abilities, Weirdness & Mutations

You have a pair of horns on your head.
You reflexively headbutt those who attack you in melee.


Message History

The ball python bites you. The ball python grabs you.
The ball python constricts you.
Found 12 gold pieces.
You see here 4 gold pieces.
You hit the ball python.
The ball python is heavily wounded.
The ball python closely misses you. You furiously retaliate!
You headbutt the ball python!
You kill the ball python!
Trog accepts your kill.
o - a yellow potion You now have 75 gold pieces (gained 4).
Found a stone staircase leading up.
You now have 87 gold pieces (gained 12).
There is a stone staircase leading up here.
p - a scroll labelled DOEL XINWOMEYJUGHA A dart slug comes into view.
A dart slug is nearby! 2 wights come into view.
The dart slug launches a dart at you. The slug dart hits you.
Unknown command.
The wight hits you with a +3 hand axe. The wight misses you.
You closely miss the wight. The wight closely misses you.
You furiously retaliate!
You headbutt the wight! The wight closely misses you.
You hit the wight.
You headbutt the wight, but do no damage.
The wight is severely damaged.
The wight hits you with a +3 hand axe!
The wight hits you from afar with a +4 halberd!
* * * LOW HITPOINT WARNING * * *
You barely miss the wight.
The wight is severely damaged.
The wight hits you with a +3 hand axe.
* * * LOW HITPOINT WARNING * * *
You feel drained. The wight barely misses you.
A red film seems to cover your vision as you go berserk!
You feel yourself moving faster!
You feel mighty! The wight hits you with a +3 hand axe!
You die...

.# #.# ..# #..# ##### ..# .....
.#######..###### #.#.
.z.z......##≈≈≈###.P.
#################zw.##≈≈⌠≈≈##..#
#...#....(.....@z..##≈≈...≈≈≈≈≈≈
.............#####.##≈⌠._.......
...................##≈≈...≈≈≈≈≈≈
.............#..#.####≈≈⌠≈≈##..#
..........####<.#..# ##≈≈≈###...
.........#####.....########...##
#...#....>.....###...........###
### #####........###....####..).
##.######.....##...###÷..


You could see 2 wights and a dart slug.

Vanquished Creatures
  4 gnolls (D:3)
  3 adders
  5 worms
  A dart slug (D:1)
  An orc (D:3)
  8 ball pythons
  3 endoplasms
  2 giant cockroaches (D:2)
  5 goblins
  3 hobgoblins
  2 kobolds
  2 quokkas (D:2)
  4 bats
  4 rats
47 creatures vanquished.

Vanquished Creatures (others)
  7 plants (D:3)
7 creatures vanquished.

Grand Total: 54 creatures vanquished

Notes
Turn   | Place    | Note
-------+----------+-------------------------------------------
     0 | D:1      | mightbedylan the Minotaur Berserker began the quest for the
                  | Orb.
     0 | D:1      | Reached XP level 1. HP: 19/19 MP: 0/0
   196 | D:1      | Reached XP level 2. HP: 27/27 MP: 1/1
   240 | D:1      | Reached skill level 4 in Axes
   973 | D:2      | Reached XP level 3. HP: 25/33 MP: 2/2
  1208 | D:2      | Reached ** piety under Trog
  1409 | D:2      | You fall into a shaft and drop 1 floor!
  1421 | D:3      | Reached XP level 4. HP: 41/41 MP: 3/3
  1447 | D:3      | Found a white marble altar of Elyvilon.
  1717 | D:3      | Reached skill level 5 in Axes
  1816 | D:3      | Slain by a wight

Illustrated notes

Levels and vault maps discovered:
D:1:      psy_arrival_radial02, layout_basic, minmay_cut_off
D:2:      layout_basic, basic_ecumenical_altar, hangedman_decor_points,
          kennysheep_nub, amcnicky_mini_pool_small
D:3:      layout_rooms, nicolae_elyvilon_temple_path

Skill      XL: |  1  2  3  4 |
---------------+-------------+-----
Axes           | 4 5 |  5.2
Fighting       | 4 |  4.9
Dodging        | 3 |  3.0
Armour         | |  2.8

Action                   |  1- 3 |  4- 6 || total
-------------------------+-------+-------++-------
Melee: Hand axe          |    66 |    22 ||    88
       Headbutt          |    13 |     5 ||    18
Invok: Berserk           |     4 |     2 ||     6
Armor: Animal skin       |    13 |     2 ||    15
Dodge: Dodged            |    54 |    17 ||    71

Table legend: (Time is in decaauts)
 A = Elapsed time spent in this place.
 B = Non-inter-level travel time spent in this place.
 C = Inter-level travel time spent in this place.
 D = Time resting spent in this place.
 E = Time spent auto-exploring this place.
 F = Levels seen in this place.
 G = Mean time per level.
                   A        B        C        D        E       F      G
               +--------+--------+--------+--------+--------+-----+--------+
         Total |   1863 |   1822 |     41 |      0 |   1417 |   3 |  621.0 |
       Dungeon |   1863 |   1822 |     41 |      0 |   1417 |   3 |  621.0 |
               +--------+--------+--------+--------+--------+-----+--------+

Top non-repeatable levels by time:
     D:2: 762 daAuts
     D:1: 681 daAuts
     D:3: 419 daAuts
